 Dungeon Crawl Stone Soup version 0.25.1-8-g42b30a86e7 (webtiles) character file.

Game seed: 13343246254384827630

28 Clowwww the Skirmisher (level 3, 29/29 HPs)
             Began as a Demonspawn Fighter on Dec 8, 2020.
             Quit the game on level 2 of the Dungeon.
             The game lasted 00:02:41 (1048 turns).

Clowwww the Skirmisher (Demonspawn Fighter)         Turns: 1048, Time: 00:02:41

Health: 29/29      AC:  7    Str: 17    XL:     3   Next: 0%
Magic:  3/3        EV:  7    Int:  9    God:
Gold:   9          SH:  8    Dex: 12    Spells: 2/2 levels left

rFire    . . .     SeeInvis .   a - +0 war axe
rCold    . . .     Gourm    .   c - +0 kite shield
rNeg     . . .     Faith    .   b - +0 scale mail
rPois    .         Spirit   .   (helmet restricted)
rElec    .         Reflect  .   (no cloak)
rCorr    .         Harm     .   (no gloves)
MR       .....                  l - +0 pair of boots
Stlth    ..........             (no amulet)
HPRegen  0.09/turn              (no ring)
MPRegen  0.08/turn              (no ring)

@: no status effects
A: antennae 1, demonic guardian 1
a: no special abilities


You were on level 2 of the Dungeon.
You were not hungry.

You visited 1 branch of the dungeon, and saw 2 of its levels.

You collected 9 gold pieces.

Inventory:

Hand Weapons
 a - a +0 war axe (weapon)
Armour
 b - a +0 scale mail (worn)
 c - a +0 kite shield (worn)
 l - a +0 pair of boots (worn)
Jewellery
 g - a cursed ring of teleportation {unknown}
 h - an uncursed amulet of regeneration {unknown}
Scrolls
 e - 2 scrolls of remove curse {unknown}
 i - a scroll of fog {unknown}
 j - a scroll of immolation {unknown}
 k - a scroll of magic mapping {unknown}
 m - a scroll of enchant armour {unknown}
 o - a scroll of noise {unknown}
 q - a scroll of random uselessness {unknown}
 r - a scroll of identify {unknown}
Potions
 d - a potion of might
 n - a potion of flight {unknown}
Comestibles
 f - 3 rations
 p - a chunk of flesh


   Skills:
 + Level 3.3 Fighting
 + Level 2.0 Axes
 + Level 3.1 Armour
 + Level 0.3 Dodging
 + Level 2.8 Shields


You had 2 spell levels left.
You didn't know any spells.
Your spell library was empty.

Dungeon Overview and Level Annotations

Branches:
Dungeon (2/15)

Altars:


Innate Abilities, Weirdness & Mutations

You have a pair of small antennae on your head.
A weak demonic guardian rushes to your aid.


Message History

Found a kite shield.
Eating one of 2 chunks of flesh.
You eat one of the 2 chunks of flesh.
This raw flesh tastes terrible.
A kobold comes into view.
The kobold shouts!
The kobold throws a stone.
The stone hits you but does no damage.
You see here a stone.
The kobold closely misses you.
You see here a kite shield.
You hit the kobold.
The kobold is severely wounded.
You block the kobold's attack. The kobold barely misses you.
You slash the kobold!
You kill the kobold!
You have reached level 3!
Your experience leads to an increase in your attributes!
Increase (S)trength, (I)ntelligence, or (D)exterity?
You feel stronger.
Your demonic ancestry asserts itself...
A pair of antennae grows on your head!
Are you sure you want to abandon this character and quit the game? (Confirm with "yes".)

## ...#### .
...... #.
#..#.####
#.###..#.....
#!..(.....#
###....#.## #.##.#
#.####.##.# #
#.....@...#.#
#...........#
####.#.#.####
...#.....#
..#.###.#.#
####### ##..
...#.######......
# .
#####.............
#....#####.#####
#.#.## #.# #


There were no monsters in sight!

Vanquished Creatures
  3 dart slugs (D:1)
  A leopard gecko (D:1)
  A giant cockroach (D:1)
  3 hobgoblins (D:1)
  3 bats (D:1)
  A frilled lizard (D:1)
  3 goblins (D:1)
  2 kobolds
  6 rats (D:1)
23 creatures vanquished.

Notes
Turn   | Place    | Note
-------+----------+-------------------------------------------
     0 | D:1      | Clowwww the Demonspawn Fighter began the quest for the Orb.
     0 | D:1      | Reached XP level 1. HP: 18/18 MP: 1/1
   312 | D:1      | Gained mutation: A weak demonic guardian rushes to your
                  | aid. [demonic ancestry]
   312 | D:1      | Reached XP level 2. HP: 24/24 MP: 2/2
  1047 | D:2      | Gained mutation: You have a pair of small antennae on your
                  | head. [demonic ancestry]
  1047 | D:2      | Reached XP level 3. HP: 29/29 MP: 3/3
  1048 | D:2      | Quit the game

Illustrated notes

Levels and vault maps discovered:
D:1:      nicolae_arrival_washed_ashore, layout_basic, columned_hall_lemuel,
          nrook_loot_triangle, minmay_misc_feat_plants
D:2:      layout_loops_ring, nicolae_overflow_crystal_walls,
          overflow_temple_1_default, kennysheep_big_empty_room

Skill      XL: |  1  2 |
---------------+-------+-----
Armour         | 3 |  3.1
Axes           | 2 |  2.0
Fighting       | |  3.3
Dodging        | |  0.3
Shields        | |  2.8

Action                   || total
-------------------------++-------
Melee: War axe           ||    69
  Eat: Chunk             ||     1
Armor: Scale mail        ||    39
Dodge: Dodged            ||    25
Block: Kite shield       ||    30
